General information
			
			
        
        - name: BNet
 
        - type: Ladder 1vs1/FFA
 
        - host: Battle.net
 
        - saver: hetchjay
 
        
map: GnollWood 
        - players: 2
 
        - length: 21:20
 
        - speed: Fast
 - version: 1.22 W3XP
 - replay type:  Public
 
» download(57 KB)
Players
        team 1 (winner) 
              
              
hetchjay (
yellow | 58 APM | 1241 actions | 21:20)
              
 4 Archmage 
 2 Blizzard
 2 Brilliance Aura
 3 Mountain King 
 2 Storm Bolt
 1 Bash
 
                » actions 
                
                | Assign group hotkey | 16 |  | 
| Basic commands | 41 |  | 
| Build / train | 87 |  | 
| ESC pressed | 2 |  | 
| Enter build submenu | 40 |  | 
| Enter hero's abilities submenu | 7 |  | 
| Give item / drop item | 2 |  | 
| Right click | 447 |  | 
| Select / deselect | 330 |  | 
| Select group hotkey | 185 |  | 
| Use ability | 83 |  | 
                1241 total
 » units 
                
                | Peasant | 20 |  | 
| Footman | 4 |  | 
| Spell Breaker | 5 |  | 
| Priest | 5 |  | 
| Gryphon Rider | 5 |  | 
                39 total
 » upgrades
                
                | Masonry | 3 |  | 
| Lumber Harvesting | 2 |  | 
| Magic Sentry | 1 |  | 
| Swords | 3 |  | 
| Storm Hammers | 1 |  | 
| Armor | 1 |  | 
| Priest Training | 1 |  | 
| Sorceress Training | 1 |  | 
                13 total
 » buildings
                
                | Altar of Kings | 1 |  | 
| Farm | 8 |  | 
| Barracks | 1 |  | 
| Lumber Mill | 4 |  | 
| Scout Tower | 28 |  | 
| Guard Tower | 13 |  | 
| Keep | 4 |  | 
| Arcane Vault | 1 |  | 
| Blacksmith | 2 |  | 
| Arcane Sanctum | 1 |  | 
| Gryphon Aviary | 2 |  | 
| Castle | 1 |  | 
| Town Hall | 1 |  | 
                67 total
 » build order
                00:13 Altar of Kings
00:21 Farm
00:36 Barracks
00:58 Lumber Mill
01:55 Farm
02:29 Scout Tower
02:30 Scout Tower
02:31 Scout Tower
02:53 Farm
03:04 Guard Tower
03:23 Guard Tower
03:25 Farm
03:27 Farm
03:35 Keep
03:35 Keep
03:35 Keep
03:35 Keep
04:16 Guard Tower
04:26 Scout Tower
04:27 Scout Tower
04:43 Arcane Vault
05:12 Guard Tower
05:20 Scout Tower
05:39 Blacksmith
06:00 Guard Tower
06:06 Arcane Sanctum
06:11 Blacksmith
06:15 Guard Tower
06:33 Gryphon Aviary
06:38 Lumber Mill
07:12 Gryphon Aviary
08:33 Farm
08:34 Farm
09:05 Castle
09:39 Farm
10:49 Scout Tower
10:50 Scout Tower
11:55 Guard Tower
13:26 Scout Tower
13:27 Scout Tower
13:28 Scout Tower
13:29 Scout Tower
13:29 Scout Tower
13:30 Scout Tower
13:30 Scout Tower
13:31 Scout Tower
13:32 Scout Tower
13:33 Scout Tower
14:30 Guard Tower
14:37 Town Hall
14:55 Guard Tower
15:19 Lumber Mill
16:32 Lumber Mill
16:59 Scout Tower
17:00 Scout Tower
17:01 Scout Tower
17:02 Scout Tower
17:03 Scout Tower
17:04 Scout Tower
17:05 Scout Tower
17:32 Scout Tower
17:33 Scout Tower
17:33 Scout Tower
18:34 Guard Tower
18:55 Guard Tower
20:23 Guard Tower
20:30 Guard Tower
» items
                
                | Scroll of Regeneration | 2 |  | 
| Mechanical Critter | 1 |  | 
| Boots of Speed | 2 |  | 
| Scroll of Town Portal | 3 |  | 
                8 total
  
               team 2 (loser) 
              
              
» 
T-Bagg (
pink | 30 APM | 638 actions | 21:18)
              
 5 Blademaster 
 3 Wind Walk
 2 Critical Strike
 
                » actions 
                
                | Assign group hotkey | 17 |  | 
| Basic commands | 110 |  | 
| Build / train | 74 |  | 
| Enter build submenu | 16 |  | 
| Enter hero's abilities submenu | 5 |  | 
| Give item / drop item | 4 |  | 
| Remove unit from queue | 4 |  | 
| Right click | 70 |  | 
| Select / deselect | 193 |  | 
| Select group hotkey | 97 |  | 
| Use ability | 48 |  | 
                638 total
 » units 
                
                | Peon | 17 |  | 
| Grunt | 6 |  | 
| Troll Headhunter/Berserker | 8 |  | 
| Shaman | 2 |  | 
| Tauren | 2 |  | 
| Demolisher | 6 |  | 
                41 total
 » upgrades
                
                | Armor | 3 |  | 
| Berserker Strength | 1 |  | 
| Melee Weapons | 2 |  | 
| Spiked Barricades | 1 |  | 
| Shaman Training | 2 |  | 
| Berserker Upgrade | 1 |  | 
| Pulverize | 1 |  | 
| Burning Oil | 1 |  | 
| Ranged Weapons | 2 |  | 
                14 total
 » buildings
                
                | Altar of Storms | 1 |  | 
| Orc Burrow | 8 |  | 
| Barracks | 1 |  | 
| Voodoo Lounge | 1 |  | 
| War Mill | 1 |  | 
| Stronghold | 1 |  | 
| Great Hall | 1 |  | 
| Spirit Lodge | 1 |  | 
| Fortress | 1 |  | 
| Tauren Totem | 2 |  | 
                18 total
 » build order
                00:23 Altar of Storms
00:40 Orc Burrow
01:00 Barracks
01:39 Orc Burrow
02:02 Voodoo Lounge
02:26 War Mill
03:11 Orc Burrow
04:00 Stronghold
04:54 Orc Burrow
06:32 Great Hall
06:41 Spirit Lodge
07:07 Fortress
09:31 Tauren Totem
09:34 Tauren Totem
11:29 Orc Burrow
12:36 Orc Burrow
19:03 Orc Burrow
19:08 Orc Burrow
» items
                
                | Healing Salve | 3 |  | 
| Orb of Lightning | 1 |  | 
| Scroll of Town Portal | 2 |  | 
| Tiny Great Hall | 1 |  | 
                7 total
  
                Chat log
          (00:23 / All) hetchjay: You misspelled bagh
(00:24 / All) hetchjay: bag
(00:31 / All) T-Bagg: lol
(00:36 / All) T-Bagg: i took creative licensing
(00:45 / All) hetchjay: You ever teabaggged someone?
(00:54 / All) T-Bagg: only girls
(01:00 / All) hetchjay: PEHW
(01:05 / All) hetchjay: glad I'm not playing against a fagg
(01:09 / All) T-Bagg: kinda gay if you do it to a dude
(01:11 / All) T-Bagg: lol
(01:11 / All) T-Bagg: yeh
(01:32 / All) hetchjay: should I got tinkerer or alchemist?
(01:45 / All) T-Bagg: doensn't matter
(01:47 / All) T-Bagg: either gonna die
(01:50 / All) T-Bagg: :)
(01:56 / All) hetchjay: probably 
(01:58 / All) hetchjay: i'm on a winning streak
(02:04 / All) T-Bagg: are ya?
(02:07 / All) hetchjay: which means you are probably pretty good
(02:07 / All) hetchjay: yeah
(02:10 / All) hetchjay: so my ell is probably about 55
(02:11 / All) T-Bagg: this my first game today
(02:40 / All) hetchjay: already fuckled up my timing
(02:44 / All) hetchjay: yeah you heard me
(02:44 / All) hetchjay: fuckled
(02:50 / All) T-Bagg: LOL
(04:25 / All) T-Bagg: DUDE
(04:28 / All) hetchjay: DUDE!!
(04:38 / All) hetchjay: what is it bro?
(04:39 / All) T-Bagg: i just found a broken condom of herpetization
(04:48 / All) hetchjay: in your room?
(04:49 / All) hetchjay: that's groiss
(04:50 / All) hetchjay: and TMI
(04:56 / All) T-Bagg: lol
(04:57 / All) T-Bagg: no
(05:01 / All) T-Bagg: from creep
(05:01 / All) hetchjay: luckily for me you are searching your room while we play
(05:03 / All) hetchjay: maybe i will win anyway
(05:06 / All) T-Bagg: prepare to blister
(05:07 / All) T-Bagg: lol
(10:12 / All) T-Bagg: dont turn around
(10:13 / All) T-Bagg: lol
(10:21 / All) hetchjay: gonna se  your heart breakin
(10:25 / All) hetchjay: JUST WALK AWAY
(10:39 / All) hetchjay: you like ace of base?
(10:45 / All) T-Bagg: lol
(10:51 / All) T-Bagg: i did in the 90s
(10:56 / All) T-Bagg: i was talkin bout project pat
(10:57 / All) hetchjay: i thought you weren't a fagg?
(11:05 / All) hetchjay: by the way i saw milk last night
(11:08 / All) hetchjay: that moive was hella good
(11:17 / All) T-Bagg: i dont kno wat that is
(11:20 / All) T-Bagg: wats it about?
(11:42 / All) hetchjay: gay civil rights
(11:43 / All) hetchjay: for reals
(11:52 / All) T-Bagg: yeh fuck that
(11:57 / All) T-Bagg: lol
(12:05 / All) hetchjay: well it's a biography really
(12:07 / All) hetchjay: of a dude named harvey milk
(12:16 / All) hetchjay: i'm pretty apoliticial
(12:17 / All) hetchjay: but it was good
(12:44 / All) hetchjay: are we playing no batriders?
(13:08 / All) T-Bagg: i got 50 of those motherfuckers
(13:09 / All) T-Bagg: lol
(13:12 / All) hetchjay: cool
(13:14 / All) hetchjay: easy to kill
(13:18 / All) T-Bagg: yeh
(13:21 / All) T-Bagg: they're garbage
(13:56 / All) hetchjay: interesting strategy
(14:50 / All) T-Bagg: tsk, tsk
(14:57 / All) T-Bagg: towering only delays the inevitable
(15:08 / All) hetchjay: i welcome death's sweet t-bagging embrtace
(15:42 / All) T-Bagg: k dont kno why you would say that but you get cool points for it
(18:52 / All) hetchjay: tell me where the gold at
(20:11 / All) T-Bagg: you fucking bitch
(20:21 / All) hetchjay: mad?
(20:26 / All) T-Bagg: yeh
(20:30 / All) T-Bagg: thats garbage ass luck
(20:33 / All) T-Bagg: nothing else
(20:41 / All) T-Bagg: fight like a man
(20:42 / All) hetchjay: towering only delays my win
(20:43 / All) T-Bagg: not a bitch
(20:47 / All) T-Bagg: or you're die like one
(20:49 / All) hetchjay: ART THOU MAN OR BITCH
(21:10 / All) hetchjay: gg
(21:12 / All) T-Bagg: FUCK